cohdb
Replays
Latest Replays
All Replays
Popular Replays
Top Player Replays
Match Explorer
How It Works
Community
CoH3 Stats
Reddit
Sign in to upload your games and track your stats! →
Sign in with Steam
Match 45273972
Unlisted
Match 45273972
Overview
Messages
Build Orders
End
Vickers Machine Gun Team
Construct Section Command Post
Dingo Light Scout Car
Selects Air and Sea Battlegroup
Infantry Section
Infantry Section
Grenade Package
Construct Field Infirmary
Selects Supply Surplus
Construct Resource Cache
Construct Resource Cache
Construct Platoon Command Post
Unlock M3 Stuart Light Tanks
M3 Stuart Light Tank
Selects Commando Section Paradrop
Commando Section Paradrop
Selects Commando Support Section Paradrop
Commando Support Section Paradrop
Construct Company Command Post
Matilda II Heavy Tank
Crusader II Medium Tank
Selects Anti-tank Rocket Loiter
Selects UNKNOWN (223837)
Steyrc
Hanzawilhelm Longbowman of Crécy
Master_Baiter
Seocheon
0
0
Comments
sign in to comment!
No comments posted yet!